 Dungeon Crawl Stone Soup version 0.22-b1-21-g5cfc168 (webtiles) character file.

4906 wojtek the Cleaver (level 10, -2/84 HPs)
             Began as a Minotaur Fighter on Aug 3, 2018.
             Was a Priest of Makhleb.
             Splashed by Maurice's acid (11 damage)
             ... on level 9 of the Dungeon.
             The game lasted 00:10:37 (7136 turns).

wojtek the Cleaver (Minotaur Fighter)               Turns: 7136, Time: 00:10:38

Health: -2/84      AC:  5    Str: 24      XL:     10   Next: 27%
Magic:  13/13      EV:  8    Int:  4 (5)  God:    Makhleb [***...]
Gold:   428        SH: 11    Dex: 10      Spells: 9/9 levels left

rFire    + . .     SeeInvis .   a - +0 war axe
rCold    + . .     Gourm    .   c - +0 shield
rNeg     . . .     Faith    .   v - +0 chain mail
rPois    .         Spirit   .   (helmet restricted)
rElec    .         Reflect  .   y - +0 cloak
rCorr    .         Harm     .   n - +0 pair of gloves (curse)
MR       .....                  (no boots)
Stlth    ..........             s - amulet of regeneration
HPRegen  0.64/turn              C - ring of protection from cold (curse)
MPRegen  0.13/turn              o - ring of protection from fire

@: corroded
A: retaliatory headbutt, horns 2, deterioration 1
a: Minor Destruction, Lesser Servant of Makhleb, Renounce Religion


You were on level 9 of the Dungeon.
You worshipped Makhleb.
Makhleb was most pleased with you.
You were not hungry.

You visited 1 branch of the dungeon, and saw 9 of its levels.

You collected 438 gold pieces.
You spent 10 gold pieces at shops.

Inventory:

Hand Weapons
 a - a +0 war axe (weapon)
Armour
 c - a +0 shield (worn)
 n - a cursed +0 pair of gloves (worn)
 v - a +0 chain mail (worn)
 y - a +0 cloak (worn)
 E - the +1 ring mail of Conscience {rElec rPois rCorr Dex-5}
   (You found it on level 7 of the Dungeon)

   It affects your dexterity (-5).
   It insulates you from electricity.
   It protects you from poison.
   It provides partial protection from all sources of acid and corrosion.
Jewellery
 b - an uncursed amulet of the gourmand
 o - a ring of protection from fire (right hand)
 s - an amulet of regeneration (around neck)
 B - an uncursed ring of protection from cold
 C - a cursed ring of protection from cold (left hand)
 F - a +3 ring of intelligence
Wands
 x - a wand of flame (20)
 I - a wand of random effects (19)
Scrolls
 h - 2 scrolls of magic mapping
 i - a scroll of identify
 k - a scroll of noise {unknown}
 l - 7 scrolls of teleportation {unknown}
 q - a scroll of remove curse {unknown}
 r - 3 scrolls of enchant weapon
 u - 2 scrolls of enchant armour
 w - 2 scrolls of immolation {unknown}
 z - a scroll of fog {unknown}
 A - a scroll of amnesia {unknown}
 D - a scroll of torment {unknown}
 G - a scroll of holy word {unknown}
 H - a scroll of summoning {unknown}
Potions
 d - 3 potions of might
 e - 4 potions of haste
 j - 3 potions of flight
 m - 2 potions of brilliance
 p - 2 potions of heal wounds
 t - 6 potions of curing {unknown}
Comestibles
 f - 21 rations
 g - 19 chunks of flesh


   Skills:
 + Level 6.8 Fighting
 * Level 11.1 Axes
 + Level 6.7 Armour
 + Level 5.0 Dodging
 + Level 6.8 Shields
 * Level 6.2 Invocations
 + Level 3.0 Evocations


You had 9 spell levels left.
You didn't know any spells.
Your spell library contained the following spells:

 Spells                   Type           Power        Failure   Level  Hunger
 Stone Arrow              Conj/Erth      #.....       100%        3    ####...
 Passwall                 Tmut/Erth      #.......     100%        2    ###....
 Lee's Rapid Deconstruct  Erth           #.........   100%        5    ######.
 Sandblast                Erth           #.....       100%        1    ##.....
 Petrify                  Tmut/Erth      #.......     100%        4    #####..


Dungeon Overview and Level Annotations

Branches:
Dungeon (9/15)             Temple (0/1) D:6
   Lair: D:8-11         Orc: D:9-12

Altars:
Cheibriados
Dithmenos
Elyvilon
Gozag
Makhleb
Nemelex Xobeh
Qazlal
Yredelemnul
Zin

Shops:
D:5 (   D:6 *   D:9 *(

Annotations:
D:9 Maurice


Innate Abilities, Weirdness & Mutations

You reflexively headbutt those who attack you in melee.
You have a pair of horns on your head.
Your body sometimes deteriorates upon taking damage.


Message History

You slice the orc priest!!
You kill the orc priest!
Makhleb accepts your kill.
Your Dodging skill increases to level 5!
You completely miss something.
You hear a zap.
A bolt of acid appears from out of thin air!
The bolt of acid hits you!
Your body deteriorates!
You feel dopey.
You are splashed with acid!
The acid burns!
You are too injured to fight recklessly!
Unknown command.
You are too injured to fight recklessly!
You slash something! Your headbutt misses something.
You hear a zap.
A bolt of acid appears from out of thin air!
The bolt of acid hits you!
* * * LOW HITPOINT WARNING * * *
The acid corrodes you!
You are splashed with acid!
The acid burns!
You die...

#........#
#........#
#........+
+........#
#........#
#...$....#
#){).....#
#.@......#
##'########
#........###
#############...#
#≈≈≈≈≈≈≈....###'##
#########
#≈.....≈≈≈≈......#
........#
#≈.⌠.⌠....≈......#
........#
#≈..∩..._..÷...<.#
........#
#≈.⌠.⌠....≈......#


There were no monsters in sight!

Vanquished Creatures
  Pikel (D:6)
  2 orc sorcerers (D:7)
  Sigmund (D:6)
  6 yaks (D:9)
  A spriggan (D:8)
  A hungry ghost (D:9)
  3 sky beasts
  2 slaves (D:6)
  An ogre (D:6)
  2 centaurs
  4 bullfrogs
  A water moccasin zombie (D:6)
  A scorpion (D:9)
  4 howler monkeys
  A bullfrog zombie (D:5)
  3 crimson imps
  4 hounds
  Crazy Yiuf (D:5)
  4 orc priests
  A centaur skeleton (D:5)
  An iguana (D:7)
  6 orc wizards
  9 worker ants
  A killer bee zombie (D:7)
  Robin (D:3)
  7 gnolls
  17 adders
  7 river rats (D:6)
  2 shadow imps
  An ooze (D:5)
  2 adder skeletons
  An adder zombie (D:2)
  4 leopard geckos
  30 orcs
  A ball python (D:2)
  3 bats
  A bat zombie (D:2)
  7 giant cockroaches
  14 goblins
  9 hobgoblins
  11 jackals
  5 kobolds
  17 quokkas
  4 frilled lizards
  2 jackal skeletons
  A jackal zombie (D:3)
  3 quokka zombies
  19 rats
230 creatures vanquished.

Vanquished Creatures (others)
  A howler monkey zombie (D:6)
1 creature vanquished.

Grand Total: 231 creatures vanquished

Notes
Turn   | Place    | Note
-------+----------+-------------------------------------------
     0 | D:1      | wojtek the Minotaur Fighter began the quest for the Orb.
     0 | D:1      | Reached XP level 1. HP: 19/19 MP: 0/0
   297 | D:1      | Reached skill level 3 in Axes
   426 | D:1      | Reached XP level 2. HP: 26/26 MP: 1/1
   663 | D:2      | Reached skill level 4 in Axes
   699 | D:2      | Reached XP level 3. HP: 22/31 MP: 2/2
   894 | D:2      | Reached skill level 5 in Axes
   895 | D:2      | Reached XP level 4. HP: 19/39 MP: 3/3
  1345 | D:2      | Found a white marble altar of Elyvilon.
  1442 | D:2      | Reached skill level 6 in Axes
  1497 | D:2      | Reached XP level 5. HP: 42/45 MP: 4/4
  1631 | D:3      | Noticed Robin
  1779 | D:3      | Killed Robin
  2079 | D:3      | Found a stormy altar of Qazlal.
  2200 | D:3      | Reached skill level 7 in Axes
  2295 | D:3      | Found a sparkling altar of Nemelex Xobeh.
  2812 | D:4      | Reached XP level 6. HP: 50/51 MP: 5/5
  2884 | D:4      | Noticed a sky beast
  2909 | D:4      | Killed a sky beast
  2909 | D:4      | Reached skill level 8 in Axes
  2909 | D:4      | Reached skill level 1 in Dodging
  3138 | D:4      | Found a white marble altar of Elyvilon.
  3193 | D:4      | Found a snail-covered altar of Cheibriados.
  3510 | D:5      | Entered Level 5 of the Dungeon
  3519 | D:5      | Found a burning altar of Makhleb.
  3550 | D:5      | Became a worshipper of Makhleb the Destroyer
  3640 | D:5      | Found a stormy altar of Qazlal.
  3650 | D:5      | Found Foschidi's Weapon Boutique.
  3669 | D:5      | Found a runed door.
  3762 | D:5      | Reached XP level 7. HP: 32/59 MP: 6/6
  4174 | D:4      | Reached skill level 1 in Invocations
  4484 | D:5      | Noticed Crazy Yiuf
  4487 | D:5      | Killed Crazy Yiuf
  4550 | D:6      | Reached * piety under Makhleb
  4833 | D:6      | Noticed Pikel
  4852 | D:6      | Killed Pikel
  4852 | D:6      | Reached skill level 5 in Fighting
  4852 | D:6      | Reached skill level 9 in Axes
  4852 | D:6      | Reached skill level 5 in Armour
  4852 | D:6      | Reached skill level 5 in Shields
  4852 | D:6      | Reached XP level 8. HP: 32/68 MP: 7/9
  5058 | D:6      | Found a glowing silver altar of Zin.
  5094 | D:6      | Found a basalt altar of Yredelemnul.
  5284 | D:6      | Found a staircase to the Ecumenical Temple.
  5322 | D:6      | Found Baymeoc's General Store.
  5325 | D:6      | Bought a potion of degeneration for 10 gold pieces
  5449 | D:6      | Noticed Sigmund
  5482 | D:6      | Killed Sigmund
  5482 | D:6      | Reached skill level 1 in Evocations
  5496 | D:6      | Reached XP level 9. HP: 54/74 MP: 11/11
  5517 | D:6      | Reached ** piety under Makhleb
  5556 | D:6      | Reached skill level 10 in Axes
  5944 | D:7      | Got a faintly glowing ring mail
  6025 | D:7      | Noticed an orc sorcerer
  6026 | D:7      | Paralysed by an orc sorcerer for 6 turns
  6037 | D:7      | Killed an orc sorcerer
  6509 | D:7      | Identified the +1 ring mail of Conscience {rElec rPois rCorr Dex-5} (You found it on level 7 of the Dungeon)
  6531 | D:7      | Noticed an orc sorcerer
  6535 | D:7      | Gained mutation: Your body sometimes deteriorates upon taking damage. [a neqoxec]
  6537 | D:7      | Killed an orc sorcerer
  6537 | D:7      | Reached *** piety under Makhleb
  6537 | D:7      | Reached skill level 5 in Invocations
  6564 | D:8      | Found a shadowy altar of Dithmenos.
  6962 | D:9      | Reached XP level 10. HP: 84/84 MP: 13/13
  7029 | D:9      | Found Micso's Antique Weapon Emporium.
  7044 | D:9      | Found Gozag's Platinum Reserve.
  7044 | D:9      | Found an opulent altar of Gozag.
  7062 | D:9      | Reached skill level 11 in Axes
  7126 | D:9      | Noticed Maurice
  7135 | D:9      | Reached skill level 5 in Dodging
  7136 | D:9      | Splashed by Maurice's acid

Skill      XL: |  1  2  3  4  5  6  7  8  9 10 |
---------------+-------------------------------+-----
Axes           | 3 4 5 6 7 8 9 10 11 | 11.1
Fighting       | 4 5 6 |  6.8
Dodging        | 1 3 4 5 |  5.0
Shields        | 4 5 6 |  6.8
Armour         | 4 5 6 |  6.7
Invocations    | 3 4 5 6 |  6.2
Evocations     | 1 2 3 |  3.0

Action                   |  1- 3 |  4- 6 |  7- 9 | 10-12 || total
-------------------------+-------+-------+-------+-------++-------
Melee: War axe           |    38 |   217 |   305 |    48 ||   608
       Headbutt          |     4 |    34 |    47 |     7 ||    92
Evoke: Wand              |       |       |     9 |       ||     9
  Use: Scroll            |       |       |     9 |       ||     9
  Eat: Chunk             |       |     9 |    11 |     3 ||    23
Armor: Scale mail        |    19 |   107 |       |       ||   126
       Chain mail        |       |     6 |   134 |    20 ||   160
Dodge: Dodged            |    16 |    59 |    71 |    21 ||   167
Block: Shield            |    21 |   120 |   142 |    18 ||   301
